AoeStats
← Obsawt

Arena

507030887Analyzed
1v1 RM · 14d ago on Sep 16, 2026· 53m 16s· 2 players
Game mode
Random Map
Map size
Tiny (2 player)
Population
200
Speed
Normal
Resources
Standard
Victory
Conquest
Starting age
Dark Age
Ending age
Imperial Age
RankedLock teamsTeams togetherTeam positionsShared explorationLock speedFull tech treeHidden civsTurbo modeCheats
Victory
Defeat
🇪🇸 Khmer · Spain
701
+13
🇫🇷 Turks · France
638
-13
Obsawt
10:35 Feudal Age
11:06 Double-Bit Axe
11:05 Horse Collar
15:19 Stone Mining
17:40 Castle Age
16:24 Gold Mining
20:54 Bow Saw
21:23 Gold Shaft Mining
22:40 Stone Shaft Mining
23:31 Heavy Plow
24:03 Bloodlines
23:15 Light Cavalry
26:00 Wheelbarrow
26:51 Husbandry
29:49 Forging
29:46 Scale Barding Armor
32:04 Hand Cart
35:16 Iron Casting
35:02 Chain Barding Armor
35:34 Fletching
40:40 Imperial Age
41:13 Heavy Scorpion
41:33 Hussar
43:16 Blast Furnace
42:12 Bodkin Arrow
42:53 Plate Barding Armor
45:25 Bracer
46:06 Conscription
45:46 Double Crossbow
46:11 Ballistics
46:52 Chemistry
45:59 Siege Engineers
46:51 Crop Rotation
46:28 Elite Ballista Elephant
edualc38
11:39 Feudal Age
17:46 Castle Age
17:46 Horse Collar
23:03 Imperial Age
20:46 Double-Bit Axe
21:18 Gold Mining
26:25 Fletching
29:34 Bodkin Arrow
38:49 Husbandry
40:16 Scale Barding Armor
42:31 Squires
42:37 Scale Mail Armor
44:25 Bloodlines
47:11 Heavy Plow
48:11 Chain Mail Armor
49:52 Plate Mail Armor
50:31 Chain Barding Armor
50:26 Forging
50:36 Forging
51:00 Heavy Camel Rider
Connection lost

Rejoining the realm…

Still unreachable

The connection could not be restored.

Session expired

The server has moved on; the page needs a fresh start.